cohdb
Replays
Latest Replays
All Replays
Popular Replays
Top Player Replays
Match Explorer
How It Works
Community
CoH3 Stats
Reddit
Sign in to upload your games and track your stats! →
Sign in with Steam
Match 39774311
Unlisted
Match 39774311
Overview
Messages
Build Orders
End
Royal Engineer Section
Vickers Machine Gun Team
Construct Section Command Post
Dingo Light Scout Car
Infantry Section
Infantry Section
Construct Platoon Command Post
Infantry Section
ML 3-inch Mortar Team
cannot compute
nilshousker
BigNol
Mabinogi Maki
East Flow
kukudas
0
0
Comments
sign in to comment!
No comments posted yet!